 Dungeon Crawl Stone Soup version 0.20.0-8-g6b59dc7 (webtiles) character file.

49 dest the Skirmisher (level 3, 0/34 HPs)
             Began as a Naga Chaos Knight on May 27, 2017.
             Slain by a gnoll
             ... wielding a +0 club
              (2 damage)
             ... on level 2 of the Dungeon on May 31, 2017.
             The game lasted 00:11:26 (1362 turns).

dest the Skirmisher (Naga Chaos Knight)             Turns: 1362, Time: 00:11:28

Health: 0/34       AC:  5    Str: 13 (15) XL:     3   Next: 75%
Magic:  3/3        EV:  7    Int: 10 (12) God:    Xom [.....*]
Gold:   78         SH:  0    Dex:  7 (10) Spells: 2/2 levels left

rFire    . . .     SeeInvis +   g - -1 short sword (curse)
rCold    . . .     Gourm    .   (no shield)
rNeg     . . .     Faith    .   h - +1 scale mail
rPois    +         Spirit   .   (no helmet)
rElec    .         Reflect  .   (no cloak)
rCorr    .         Harm     .   (no gloves)
MR       .....                  (no barding)
Stlth    ..........             (no amulet)
Regen    0.2/turn               (no ring)
MPRegen  0.1/turn               (no ring)

@: very slow
A: see invisible, deformed body, poison resistance, slowness 2, slow metabolism
1, spit poison 1, AC +1
a: Spit Poison, Renounce Religion


You were on level 2 of the Dungeon.
You worshipped Xom.
You were Xom's teddy bear.
You were not hungry.

You visited 1 branch of the dungeon, and saw 2 of its levels.

You collected 78 gold pieces.

Inventory:

Hand Weapons
 d - a +1 short sword
 g - a cursed -1 short sword (weapon)
Armour
 a - a +2 leather armour
 h - a +1 scale mail (worn)
Potions
 f - a potion of ambrosia
Comestibles
 b - a bread ration
 i - 6 chunks of flesh


   Skills:
 + Level 3.5 Fighting
 + Level 1.1 Short Blades
 + Level 2.0 Armour
 + Level 1.0 Dodging
 + Level 3.4 Unarmed Combat


You had 2 spell levels left.
You didn't know any spells.

Dungeon Overview and Level Annotations

Branches:
Dungeon (2/15)

Altars:


Innate Abilities, Weirdness & Mutations

You cannot wear boots.
Your serpentine skin is tough. (AC +1)
You have supernaturally acute eyesight. (SInv)
Armour fits poorly on your strangely shaped body.
Your system is resistant to poisons. (rPois)
You cover ground very slowly.
You have a slow metabolism.
You can spit poison.


Message History

* * * LOW HITPOINT WARNING * * *
The bat hits you but does no damage.
A gnoll comes into view. It is wielding a club.
The gnoll shouts!
The bat hits you but does no damage. x3
The bat hits you but does no damage. x2; The gnoll hits you with a club.
* * * LOW HITPOINT WARNING * * *
You hit the gnoll.
The gnoll is lightly wounded.
The bat barely misses you. The bat closely misses you.
The gnoll closely misses you.
A gnoll comes into view. It is wielding a club.
You completely miss the bat.
The gnoll shouts!
You punch the bat.
The bat is moderately wounded.
You hear a shout!
The bat closely misses you. The gnoll hits you with a club.
You die...
Xom howls with laughter!

#.. #.# #.# #.# # ###
#.# ## #.# #.#
.####(######.#
.........w...######.#
.###.#######..Kb@g..#
## #.# ########g# #
#.# # #.# # #.# # #.#
# #.#


You could see a worm, 2 gnolls, a bat and a kobold.

Vanquished Creatures
  2 adders
  3 leopard geckos (D:1)
  A ball python (D:1)
  5 giant cockroaches
  3 hobgoblins (D:1)
  2 bats (D:1)
  2 goblins (D:1)
  3 kobolds (D:1)
  6 rats
27 creatures vanquished.

Notes
Turn   | Place    | Note
-------+----------+-------------------------------------------
     0 | D:1      | dest the Naga Chaos Knight began the quest for the Orb.
     0 | D:1      | Reached XP level 1. HP: 21/21 MP: 1/1
    84 | D:1      | Upgraded the game from 0.20.0-4-g10b340a to 0.20.0-8-g6b59dc7
   129 | D:1      | Reached XP level 2. HP: 15/28 MP: 2/2
   157 | D:1      | XOM: silly message
   176 | D:1      | XOM: harmless Erth miscast
   877 | D:1      | Reached XP level 3. HP: 34/34 MP: 3/3
   948 | D:1      | XOM: enchant monster (good)
   964 | D:1      | Reached skill level 1 in Dodging
  1004 | D:1      | XOM: divination: detect items
  1022 | D:1      | Reached skill level 1 in Short Blades
  1219 | D:2      | XOM: stealth player
  1312 | D:2      | XOM: butterfly on damage
  1319 | D:2      | HP: 1/34 [worm (5)]
  1325 | D:2      | XOM: confuse monster(s)
  1362 | D:2      | Slain by a gnoll

Skill      XL: |  1  2  3 |
---------------+----------+-----
Dodging        | 1 |  1.0
Short Blades   | 1 |  1.1
Armour         | 2 |  2.0
Fighting       | |  3.5
Unarmed Combat | |  3.4

Action                   || total
-------------------------++-------
Melee: Short sword       ||   153
       Unarmed           ||     7
       Punch             ||     2
  Use: Scroll            ||     4
       Potion            ||     2
  Eat: Chunk             ||     1
Armor: Leather armour    ||    25
       Scale mail        ||    43
Dodge: Dodged            ||    98
